PUB
STOCKTON 209 @ HOUSTON COLT .45S
08/10/1972
 
TOP OF THE 1ST
Stockton 209 batting - Pitching for Houston Colt .45s : RHP Chris Moore
Pitching: RHP Chris Moore
Batting: LHB Toyotomi Matsumoto 0-0: Fly out, F5 (Popup, 5SF, EV 80.6 MPH)
Batting: SHB Reggie Smith 0-0: Called Strike
0-1: Swinging Strike
0-2: Strikes out looking
Batting: RHB Paco Ortega 0-0: Called Strike
0-1: Ball
1-1: Foul Ball, location: 9LMF
1-2: Strikes out swinging
Top of the 1st over - 0 runs, 0 hits, 0 errors, 0 left on base; Stockton 0 - Houston 0
BOTTOM OF THE 1ST
Houston Colt .45s batting - Pitching for Stockton 209 : RHP Jim Nash
Pitching: RHP Jim Nash
Batting: RHB Darby Moore 0-0: Called Strike
0-1: Ball
1-1: Ball
2-1: Foul Ball, location: 5F
2-2: Ball
3-2: Strikes out swinging
Batting: SHB Eric Tucker 0-0: Ball
1-0: Called Strike
1-1: Ball
2-1: Ball
3-1: Base on Balls
Batting: RHB Virgil McDonald 0-0: Called Strike
Eric Tucker is caught stealing 2nd base 2-4
0-1: Ball
1-1: Foul Ball, location: 2F
1-2: Foul Ball, location: 2F
1-2: Strikes out looking
Bottom of the 1st over - 0 runs, 0 hits, 0 errors, 0 left on base; Stockton 0 - Houston 0
TOP OF THE 2ND
Stockton 209 batting - Pitching for Houston Colt .45s : RHP Chris Moore
Batting: RHB Roberto Hernández 0-0: Ball
1-0: Foul Ball, location: 7LMFF
1-1: Ball
2-1: Foul Ball, location: 3SF
2-2: Strikes out swinging
Batting: SHB Peter Holt 0-0: Ball
1-0: Ball
2-0: Fly out, F9 (Flyball, 9, EV 81.9 MPH)
Batting: SHB William Cameron 0-0: Ball
1-0: Foul Ball, location: 2LF
1-1: Foul Ball, location: 5F
1-2: Ball
2-2: Strikes out looking
Top of the 2nd over - 0 runs, 0 hits, 0 errors, 0 left on base; Stockton 0 - Houston 0
BOTTOM OF THE 2ND
Houston Colt .45s batting - Pitching for Stockton 209 : RHP Jim Nash
Batting: LHB Edgardo Vázquez 0-0: Fly out, F8 (Flyball, 8RD, EV 81.3 MPH)
Batting: SHB Michael Trusty 0-0: Ball
1-0: Called Strike
1-1: Fly out, F2 (Popup, 13S, EV 87.5 MPH)
Batting: RHB Nobuhisa Fujii 0-0: Ball
1-0: Ball
2-0: Called Strike
2-1: SINGLE (Groundball, 34D, EV 101.3 MPH)
Batting: LHB Juan Rodríguez 0-0: Ball
1-0: Fly out, F7 (Line Drive, 7LM, EV 86.9 MPH)
Bottom of the 2nd over - 0 runs, 1 hit, 0 errors, 1 left on base; Stockton 0 - Houston 0
TOP OF THE 3RD
Stockton 209 batting - Pitching for Houston Colt .45s : RHP Chris Moore
Batting: LHB Rusty Staub 0-0: Ball
1-0: Ball
2-0: Ball
3-0: Foul Ball, location: 2F
3-1: Foul Ball, location: 3FF
3-2: Strikes out swinging
Batting: RHB Gene Tenace 0-0: Called Strike
0-1: Ball
1-1: Fly out, F8 (Line Drive, 78M, EV 93.1 MPH)
Batting: RHB Jim Nash 0-0: Called Strike
0-1: Ball
1-1: Ball
2-1: Called Strike
2-2: Ball
3-2: Strikes out swinging
Top of the 3rd over - 0 runs, 0 hits, 0 errors, 0 left on base; Stockton 0 - Houston 0
BOTTOM OF THE 3RD
Houston Colt .45s batting - Pitching for Stockton 209 : RHP Jim Nash
Batting: SHB Allen Brown 0-0: Called Strike
0-1: Foul Ball, location: 23FF
0-2: Strikes out looking
Batting: LHB Chris Moore 0-0: Ball
1-0: Ball
2-0: Called Strike
2-1: Ball
3-1: Called Strike
3-2: Strikes out swinging
Batting: RHB Darby Moore 0-0: Ball
1-0: Ball
2-0: Ball
3-0: Called Strike
3-1: Base on Balls
Batting: SHB Eric Tucker 0-0: Fly out, F7 (Line Drive, 7S, EV 104.4 MPH)
Bottom of the 3rd over - 0 runs, 0 hits, 0 errors, 1 left on base; Stockton 0 - Houston 0
TOP OF THE 4TH
Stockton 209 batting - Pitching for Houston Colt .45s : RHP Chris Moore
Batting: LHB Toyotomi Matsumoto 0-0: Called Strike
0-1: Ball
1-1: Ball
2-1: Ground out 6-3 (Groundball, 4MD, EV 101.9 MPH)
Batting: SHB Reggie Smith 0-0: Swinging Strike
0-1: Ball
1-1: Foul Ball, location: 5F
1-2: Strikes out swinging
Batting: RHB Paco Ortega 0-0: Foul Ball, location: 2RF
0-1: Foul Ball, location: 5SF
0-2: Ball
1-2: Strikes out swinging
Top of the 4th over - 0 runs, 0 hits, 0 errors, 0 left on base; Stockton 0 - Houston 0
BOTTOM OF THE 4TH
Houston Colt .45s batting - Pitching for Stockton 209 : RHP Jim Nash
Batting: RHB Virgil McDonald 0-0: SOLO HOME RUN (Flyball, 78XD, EV 111.3 MPH), Distance : 424 ft
Batting: LHB Edgardo Vázquez 0-0: Called Strike
0-1: Ground out 5-3 (Groundball, 56, EV 91.9 MPH)
Batting: SHB Michael Trusty 0-0: Ball
1-0: Ball
2-0: Called Strike
2-1: Ball
3-1: Called Strike
3-2: Base on Balls
Batting: RHB Nobuhisa Fujii 0-0: Fly out, F9 (Flyball, 9, EV 92.5 MPH)
Batting: LHB Juan Rodríguez 0-0: Called Strike
0-1: Ground out 4-3 (Groundball, 4, EV 106.3 MPH)
Bottom of the 4th over - 1 run, 1 hit, 0 errors, 1 left on base; Stockton 0 - Houston 1
TOP OF THE 5TH
Stockton 209 batting - Pitching for Houston Colt .45s : RHP Chris Moore
Batting: RHB Roberto Hernández 0-0: Called Strike
0-1: Ball
1-1: Called Strike
1-2: Ball
2-2: Foul Ball, location: 9LSF
2-2: Ball
3-2: Foul Ball, location: 23F
3-2: Foul Ball, location: 2F
3-2: Strikes out looking
Batting: SHB Peter Holt 0-0: Called Strike
0-1: Ball
1-1: Swinging Strike
1-2: Foul Ball, location: 5F
1-2: Strikes out swinging
Batting: SHB William Cameron 0-0: Ball
1-0: Foul Ball, location: 3SF
1-1: Foul Ball, location: 2F
1-2: Foul Ball, location: 2F
1-2: Foul Ball, location: 2F
1-2: Foul Ball, location: 5F
1-2: Reached on error, E4 (Groundball, 4, EV 105.0 MPH)
Batting: LHB Rusty Staub 0-0: Ball
1-0: Called Strike
1-1: Ball
2-1: Ground out 4-3 (Groundball, 4, EV 80.0 MPH)
Top of the 5th over - 0 runs, 0 hits, 1 error, 1 left on base; Stockton 0 - Houston 1
BOTTOM OF THE 5TH
Houston Colt .45s batting - Pitching for Stockton 209 : RHP Jim Nash
Batting: SHB Allen Brown 0-0: Ball
1-0: Called Strike
1-1: Ball
2-1: Foul Ball, location: 2F
2-2: Ball
3-2: SINGLE (Line Drive, 8RS, EV 90.6 MPH)
Batting: LHB Chris Moore 0-0: Sac Bunt to 15 - play at second, runner OUT! 1-6
Batting: RHB Darby Moore 0-0: Called Strike
0-1: Fly out, F6 (Line Drive, 6, EV 58.8 MPH)
Batting: SHB Eric Tucker 0-0: Ball
1-0: Ground out 4-3 (Groundball, 4, EV 83.8 MPH)
Bottom of the 5th over - 0 runs, 1 hit, 0 errors, 1 left on base; Stockton 0 - Houston 1
TOP OF THE 6TH
Stockton 209 batting - Pitching for Houston Colt .45s : RHP Chris Moore
Batting: RHB Gene Tenace 0-0: Ball
1-0: Ball
2-0: Foul Ball, location: 23F
2-1: Ball
3-1: Base on Balls
Batting: RHB Jim Nash 0-0: Bunted foul
0-1: Bunt missed!
0-2: Sac Bunt to 13 - play at first, batter OUT! 1-3
Gene Tenace to second
Batting: LHB Toyotomi Matsumoto 0-0: Ball
1-0: Ball
2-0: Ball
3-0: Called Strike
3-1: Base on Balls
Batting: SHB Reggie Smith 0-0: Ball
1-0: Ball
2-0: Reached on error, E4 (Groundball, 4M, EV 98.8 MPH)
Gene Tenace to third
Toyotomi Matsumoto to second
Batting: RHB Paco Ortega 0-0: Foul Ball, location: 23F
0-1: Called Strike
0-2: Ball
1-2: Ball
2-2: Ball
3-2: Strikes out swinging
Batting: RHB Roberto Hernández 0-0: Ball
1-0: Ball
2-0: Ball
3-0: Fly out, F9 (Flyball, 9, EV 101.3 MPH)
Top of the 6th over - 0 runs, 0 hits, 1 error, 3 left on base; Stockton 0 - Houston 1
BOTTOM OF THE 6TH
Houston Colt .45s batting - Pitching for Stockton 209 : RHP Jim Nash
Batting: RHB Virgil McDonald 0-0: Fly out, F9 (Flyball, 9LM, EV 111.9 MPH)
Batting: LHB Edgardo Vázquez 0-0: Ball
1-0: Swinging Strike
1-1: SINGLE (Groundball, 6D, EV 101.9 MPH)
Batting: SHB Michael Trusty 0-0: Ball
1-0: Foul Ball, location: 2F
1-1: Foul Ball, location: 2F
1-2: Ball
2-2: Ball
3-2: SINGLE (Flyball, 3D, EV 99.4 MPH)
Edgardo Vázquez to second
Batting: RHB Nobuhisa Fujii 0-0: Called Strike
0-1: Ball
1-1: Foul Ball, location: 2F
1-2: Ball
2-2: Foul Ball, location: 23F
2-2: Foul Ball, location: 2F
2-2: Foul Ball, location: 25F
2-2: Ball
3-2: Foul Ball, location: 3F
3-2: Fly out, F4 (Popup, 4M, EV 51.9 MPH)
Batting: LHB Juan Rodríguez 0-0: Ball
1-0: Called Strike
1-1: Ball
2-1: Fly out, F5 (Popup, 56S, EV 75.6 MPH)
Bottom of the 6th over - 0 runs, 2 hits, 0 errors, 2 left on base; Stockton 0 - Houston 1
TOP OF THE 7TH
Stockton 209 batting - Pitching for Houston Colt .45s : RHP Chris Moore
Batting: SHB Peter Holt 0-0: Foul Ball, location: 2RF
0-1: Swinging Strike
0-2: Strikes out swinging
Batting: SHB William Cameron 0-0: Swinging Strike
0-1: Called Strike
0-2: Ball
1-2: Ground out 6-3 (Groundball, 6, EV 78.1 MPH)
Batting: LHB Rusty Staub 0-0: Ball
1-0: Ball
2-0: Ball
3-0: Called Strike
3-1: SINGLE (Flyball, 3D, EV 91.9 MPH)
Pitching: RHP Luis Reyes
Batting: RHB Gene Tenace 0-0: Ball
1-0: Foul Ball, location: 2F
1-1: Foul Ball, location: 2RF
1-2: Strikes out swinging
Top of the 7th over - 0 runs, 1 hit, 0 errors, 1 left on base; Stockton 0 - Houston 1
BOTTOM OF THE 7TH
Houston Colt .45s batting - Pitching for Stockton 209 : RHP Jim Nash
Batting: SHB Allen Brown 0-0: Ball
1-0: Foul Ball, location: 9LMF
1-1: Ground out U3 (Groundball, 3, EV 81.3 MPH)
Pinch Hitting: RHB Ching Yo 0-0: Ball
1-0: Ball
2-0: Ball
3-0: Base on Balls
Batting: RHB Darby Moore 0-0: Called Strike
0-1: Foul Ball, location: 7LMF
0-2: Foul Ball, location: 5FF
0-2: SINGLE (Groundball, 4MD, EV 100.0 MPH)
Ching Yo to second
Ching Yo to third
Batting: SHB Eric Tucker 0-0: Ball
1-0: Ball
2-0: Foul Ball, location: 25F
2-1: Called Strike
2-2: Strikes out swinging
Batting: RHB Virgil McDonald 0-0: Called Strike
0-1: Ball
1-1: SINGLE (Groundball, 13, EV 66.3 MPH) (infield hit)
Ching Yo scores
Darby Moore to second
Batting: LHB Edgardo Vázquez 0-0: Ball
1-0: Called Strike
1-1: Ball
2-1: Foul Ball, location: 5DF
2-2: Ball
3-2: Base on Balls
Darby Moore to third
Virgil McDonald to second
Batting: SHB Michael Trusty 0-0: Fly out, F9 (Flyball, 89M, EV 96.3 MPH)
Bottom of the 7th over - 1 run, 2 hits, 0 errors, 3 left on base; Stockton 0 - Houston 2
TOP OF THE 8TH
Stockton 209 batting - Pitching for Houston Colt .45s : RHP Luis Reyes
Pitching: RHP Yoshifumi Tada
Pinch Hitting: LHB Royce Martin 0-0: Ball
1-0: Called Strike
1-1: Called Strike
1-2: Ball
2-2: Strikes out swinging, 2-3 out at first.
Batting: LHB Toyotomi Matsumoto 0-0: Ball
1-0: Ball
2-0: Ball
3-0: Called Strike
3-1: Called Strike
3-2: Strikes out swinging
Batting: SHB Reggie Smith 0-0: Ball
1-0: SOLO HOME RUN (Flyball, 9D, EV 96.3 MPH), Distance : 362 ft
Batting: RHB Paco Ortega 0-0: Called Strike
0-1: Ball
1-1: Ball
2-1: Ball
3-1: Base on Balls
Batting: RHB Roberto Hernández 0-0: Ball
1-0: Ball
2-0: Foul Ball, location: 23FF
2-1: Ball
3-1: Fly out, F9 (Flyball, 9LMF, EV 91.9 MPH)
Top of the 8th over - 1 run, 1 hit, 0 errors, 1 left on base; Stockton 1 - Houston 2
BOTTOM OF THE 8TH
Houston Colt .45s batting - Pitching for Stockton 209 : RHP Jim Nash
Pitching: LHP Jorge Martínez
Batting: RHB Nobuhisa Fujii 0-0: Ball
1-0: Called Strike
1-1: Foul Ball, location: 25FF
1-2: Foul Ball, location: 2F
1-2: Ball
2-2: Fly out, F3 (Popup, 3SF, EV 73.1 MPH)
Batting: LHB Juan Rodríguez 0-0: Fly out, F7 (Flyball, 7, EV 86.3 MPH)
Batting: SHB Allen Brown 0-0: Swinging Strike
0-1: Ground out 6-3 (Groundball, 6S, EV 88.8 MPH)
Bottom of the 8th over - 0 runs, 0 hits, 0 errors, 0 left on base; Stockton 1 - Houston 2
TOP OF THE 9TH
Stockton 209 batting - Pitching for Houston Colt .45s : RHP Yoshifumi Tada
Pitching: LHP Jon Gregory
Now in CF: Bob Saverine
Batting: SHB Peter Holt 0-0: Ball
1-0: Ball
2-0: Foul Ball, location: 9LMF
2-1: Ball
3-1: Fly out, F9 (Line Drive, 89M, EV 91.9 MPH)
Batting: SHB William Cameron 0-0: Ball
1-0: Ball
2-0: Swinging Strike
2-1: Ball
3-1: Base on Balls
Pinch Hitting: RHB Sal Bando 0-0: Foul Ball, location: 2F
0-1: Ball
1-1: Ball
2-1: Foul Ball, location: 2F
2-2: Strikes out swinging
Batting: RHB Gene Tenace 0-0: Ball
1-0: Foul Ball, location: 9LMF
1-1: Swinging Strike
1-2: Ball
2-2: Foul Ball, location: 9LSF
2-2: Ball
3-2: Foul Ball, location: 2F
3-2: Foul Ball, location: 5FF
3-2: Foul Ball, location: 3FF
3-2: Foul Ball, location: 9LSF
3-2: Strikes out swinging
Top of the 9th over - 0 runs, 0 hits, 0 errors, 1 left on base; Stockton 1 - Houston 2
Monday, April 22nd , 2024 - OOTP Baseball 24.8 Build 75